3AA
ITHACA FIGHTING IMPS @ DURHAM RAPIERS
08/30/2037
 
TOP OF THE 1ST
Ithaca Fighting Imps batting - Pitching for Durham Rapiers : RHP César Morales
Pitching: RHP César Morales
Batting: RHB Jimmy Robinson 0-0: Swinging Strike
0-1: Swinging Strike
0-2: Strikes out swinging, 2-3 out at first.
Batting: LHB Pedro Reyes 0-0: Called Strike
0-1: Called Strike
0-2: Ball
1-2: Ball
2-2: Foul Ball, location: 2F
2-2: Ball
3-2: Ground out 6-3 (Groundball, 6, EV 79.4 MPH)
Batting: RHB Graeme Dormer 0-0: SINGLE (Flyball, 8RS, EV 91.9 MPH)
Batting: LHB Donald McJannett 0-0: Called Strike
0-1: Foul Ball, location: 2F
0-2: Fly out, F9 (Flyball, 8RM, EV 79.4 MPH)
Top of the 1st over - 0 runs, 1 hit, 0 errors, 1 left on base; Ithaca 0 - Durham 0
BOTTOM OF THE 1ST
Durham Rapiers batting - Pitching for Ithaca Fighting Imps : LHP Maximiano Mealha
Pitching: LHP Maximiano Mealha
Batting: LHB Blake Browning 0-0: Ground out 4-3 (Groundball, 4, EV 79.4 MPH)
Batting: RHB Jaxton Goleta 0-0: Ball
1-0: Ball
2-0: Foul Ball, location: 2F
2-1: Ball
3-1: Called Strike
3-2: Base on Balls
Batting: RHB Tsuneari Hirano 0-0: Called Strike
0-1: Foul Ball, location: 2F
0-2: Ball
1-2: Ball
2-2: Ball
3-2: Base on Balls
Jaxton Goleta to second
Batting: SHB Kolby Hay 0-0: Swinging Strike
0-1: Called Strike
0-2: Strikes out swinging
Batting: RHB Kevin Bates 0-0: SINGLE (Line Drive, 56D, EV 96.9 MPH)
Jaxton Goleta to third
Tsuneari Hirano to second
Runner from 3rd tries for Home, SAFE, throw by LF to home
Batting: RHB Bearooz Yacoobi 0-0: Ball
1-0: Ball
2-0: Fielders Choice at 2nd, 6-4 (Groundball, 6, EV 99.4 MPH)
Bottom of the 1st over - 1 run, 1 hit, 0 errors, 2 left on base; Ithaca 0 - Durham 1
TOP OF THE 2ND
Ithaca Fighting Imps batting - Pitching for Durham Rapiers : RHP César Morales
Batting: LHB Ewan Manshert 0-0: Ball
1-0: Ball
2-0: Called Strike
2-1: Fly out, F9 (Flyball, 9S, EV 87.5 MPH)
Batting: SHB Alaska Abney 0-0: Ball
1-0: Ball
2-0: Called Strike
2-1: Swinging Strike
2-2: Ball
3-2: Strikes out looking
Batting: RHB Jean Couturier 0-0: SINGLE (Groundball, 6MD, EV 95.6 MPH)
Batting: RHB Atanza Vongor 0-0: Called Strike
0-1: Ball
1-1: Swinging Strike
1-2: Strikes out swinging
Top of the 2nd over - 0 runs, 1 hit, 0 errors, 1 left on base; Ithaca 0 - Durham 1
BOTTOM OF THE 2ND
Durham Rapiers batting - Pitching for Ithaca Fighting Imps : LHP Maximiano Mealha
Batting: SHB Takechi Yamashita 0-0: Called Strike
0-1: Ball
1-1: Ball
2-1: Called Strike
2-2: Ball
3-2: Foul Ball, location: 2F
3-2: Fly out, F7 (Flyball, 7LM, EV 87.5 MPH)
Batting: RHB Marvin Strickland 0-0: Ball
1-0: Ball
2-0: Called Strike
2-1: Ball
3-1: Called Strike
3-2: DOUBLE (Line Drive, 7LS, EV 108.1 MPH)
Batting: RHB Brandon Palmer 0-0: Called Strike
0-1: Swinging Strike
0-2: Strikes out swinging
Batting: LHB Blake Browning 0-0: Ball
1-0: Foul Ball, location: 2F
1-1: Foul Ball, location: 2F
1-2: Ball
2-2: Ground out 1-3 (Groundball, 23, EV 82.5 MPH)
Bottom of the 2nd over - 0 runs, 1 hit, 0 errors, 1 left on base; Ithaca 0 - Durham 1
TOP OF THE 3RD
Ithaca Fighting Imps batting - Pitching for Durham Rapiers : RHP César Morales
Batting: RHB Nelson Rivera 0-0: Swinging Strike
0-1: Ball
1-1: Ball
2-1: Swinging Strike
2-2: Strikes out swinging
Batting: RHB Jimmy Robinson 0-0: Ball
1-0: Ball
2-0: Foul Ball, location: 2F
2-1: Fly out, F8 (Flyball, 8LM, EV 90.0 MPH)
Batting: LHB Pedro Reyes 0-0: Called Strike
0-1: Called Strike
0-2: Ball
1-2: Strikes out looking
Top of the 3rd over - 0 runs, 0 hits, 0 errors, 0 left on base; Ithaca 0 - Durham 1
BOTTOM OF THE 3RD
Durham Rapiers batting - Pitching for Ithaca Fighting Imps : LHP Maximiano Mealha
Batting: RHB Jaxton Goleta 0-0: Ball
1-0: Ball
2-0: Ball
3-0: Called Strike
3-1: Base on Balls
Batting: RHB Tsuneari Hirano 0-0: Called Strike
0-1: Called Strike
0-2: Ball
1-2: Foul Ball, location: 2F
1-2: Fielders Choice at 2nd, 1-4 (Groundball, P, EV 91.9 MPH)
Batting: SHB Kolby Hay 0-0: Ball
1-0: Called Strike
1-1: Ball
2-1: Ball
3-1: Grounds into double play, 6-4-3 (Groundball, 56, EV 97.5 MPH)
Bottom of the 3rd over - 0 runs, 0 hits, 0 errors, 0 left on base; Ithaca 0 - Durham 1
TOP OF THE 4TH
Ithaca Fighting Imps batting - Pitching for Durham Rapiers : RHP César Morales
Batting: RHB Graeme Dormer 0-0: Ball
1-0: Fly out, F4 (Popup, 3S, EV 81.9 MPH)
Batting: LHB Donald McJannett 0-0: Ball
1-0: Ball
2-0: Ball
3-0: Base on Balls
Batting: LHB Ewan Manshert 0-0: Foul Ball, location: 2F
0-1: Swinging Strike
0-2: Ball
1-2: Ball
2-2: Foul Ball, location: 2F
2-2: Strikes out looking
Batting: SHB Alaska Abney 0-0: Ball
Donald McJannett is caught stealing 2nd base 2-6
Top of the 4th over - 0 runs, 0 hits, 0 errors, 0 left on base; Ithaca 0 - Durham 1
BOTTOM OF THE 4TH
Durham Rapiers batting - Pitching for Ithaca Fighting Imps : LHP Maximiano Mealha
Batting: RHB Kevin Bates 0-0: Ball
1-0: Foul Ball, location: 2F
1-1: Swinging Strike
1-2: SINGLE (Line Drive, 78S, EV 100.6 MPH)
Batting: RHB Bearooz Yacoobi 0-0: Called Strike
0-1: Ball
1-1: SINGLE (Line Drive, 3D, EV 100.0 MPH)
Kevin Bates to second
Runner from 2nd tries for 3rd, SAFE, no throw by RF
Batting: SHB Takechi Yamashita 0-0: SINGLE (Groundball, 56D, EV 100.0 MPH)
Kevin Bates scores
Bearooz Yacoobi to second
Batting: RHB Marvin Strickland 0-0: Ball
1-0: Ball
2-0: 3-RUN HOME RUN (Flyball, 9D, EV 103.1 MPH), Distance : 377 ft
Batting: RHB Brandon Palmer 0-0: Ball
1-0: Foul Ball, location: 2F
1-1: Called Strike
1-2: Foul Ball, location: 2F
1-2: Foul Ball, location: 2F
1-2: Ball
2-2: Ball
3-2: SINGLE (Groundball, 56D, EV 100.6 MPH)
Pitching: LHP Randy Nixon
Batting: LHB Blake Browning 0-0: Fly out, F8 (Line Drive, 8LM, EV 96.9 MPH)
Batting: RHB Jaxton Goleta 0-0: Swinging Strike
Brandon Palmer steals 2nd base
0-1: Ball
1-1: SINGLE (Groundball, 4MD, EV 106.9 MPH)
Brandon Palmer to third
Runner from 3rd tries for Home, SAFE, throw by CF to home
Batting: RHB Tsuneari Hirano 0-0: DOUBLE (Line Drive, 9LM, EV 98.8 MPH)
Jaxton Goleta to third
Runner from 3rd tries for Home, SAFE, throw by RF to home
Batting: SHB Kolby Hay 0-0: Ball
1-0: Called Strike
1-1: DOUBLE (Flyball, 8RXD, EV 93.8 MPH)
Tsuneari Hirano scores
Batting: RHB Kevin Bates 0-0: Fly out, F7 (Flyball, 8LS, EV 78.8 MPH)
Batting: RHB Bearooz Yacoobi 0-0: SINGLE (Line Drive, 6D, EV 96.9 MPH)
Kolby Hay to third
Runner from 3rd tries for Home, SAFE, no throw by CF
Batting: SHB Takechi Yamashita 0-0: Ball
1-0: SINGLE (Groundball, 56D, EV 100.6 MPH)
Bearooz Yacoobi to second
Batting: RHB Marvin Strickland 0-0: Ball
1-0: Swinging Strike
1-1: Ball
2-1: Called Strike
2-2: Ball
3-2: Base on Balls
Bearooz Yacoobi to third
Takechi Yamashita to second
Batting: RHB Brandon Palmer 0-0: Called Strike
0-1: Foul Ball, location: 2F
0-2: Fly out, F7 (Flyball, 78M, EV 86.2 MPH)
Bottom of the 4th over - 8 runs, 10 hits, 0 errors, 3 left on base; Ithaca 0 - Durham 9
TOP OF THE 5TH
Ithaca Fighting Imps batting - Pitching for Durham Rapiers : RHP César Morales
Batting: SHB Alaska Abney 0-0: Swinging Strike
0-1: Foul Ball, location: 2F
0-2: Ball
1-2: Foul Ball, location: 2F
1-2: Strikes out swinging
Batting: RHB Jean Couturier 0-0: Ball
1-0: Ball
2-0: Fly out, F8 (Flyball, 8RM, EV 78.1 MPH)
Batting: RHB Atanza Vongor 0-0: Ball
1-0: Foul Ball, location: 2F
1-1: Ball
2-1: Ground out 6-3 (Groundball, 6, EV 110.0 MPH)
Top of the 5th over - 0 runs, 0 hits, 0 errors, 0 left on base; Ithaca 0 - Durham 9
BOTTOM OF THE 5TH
Durham Rapiers batting - Pitching for Ithaca Fighting Imps : LHP Randy Nixon
Batting: LHB Blake Browning 0-0: Called Strike
0-1: Called Strike
0-2: Ball
1-2: Strikes out swinging
Batting: RHB Jaxton Goleta 0-0: Foul Ball, location: 2F
0-1: Foul Ball, location: 2F
0-2: Ball
1-2: Foul Ball, location: 2F
1-2: Foul Ball, location: 2F
1-2: Ball
2-2: SINGLE (Groundball, 56D, EV 95.6 MPH)
Batting: RHB Tsuneari Hirano 0-0: Ball
1-0: Called Strike
1-1: Fly out, F8 (Flyball, 8RS, EV 87.5 MPH)
Batting: SHB Kolby Hay 0-0: Called Strike
0-1: Ball
1-1: Foul Ball, location: 2F
1-2: Strikes out swinging
Bottom of the 5th over - 0 runs, 1 hit, 0 errors, 1 left on base; Ithaca 0 - Durham 9
TOP OF THE 6TH
Ithaca Fighting Imps batting - Pitching for Durham Rapiers : RHP César Morales
Batting: RHB Nelson Rivera 0-0: Called Strike
0-1: Foul Ball, location: 2F
0-2: Foul Ball, location: 2F
0-2: Ball
1-2: Foul Ball, location: 2F
1-2: Strikes out swinging
Batting: RHB Jimmy Robinson 0-0: Ground out 5-3 (Groundball, 5S, EV 66.9 MPH)
Batting: LHB Pedro Reyes 0-0: Ball
1-0: Swinging Strike
1-1: Foul Ball, location: 2F
1-2: Ball
2-2: Ball
3-2: Fly out, F4 (Line Drive, 4, EV 65.6 MPH)
Top of the 6th over - 0 runs, 0 hits, 0 errors, 0 left on base; Ithaca 0 - Durham 9
BOTTOM OF THE 6TH
Durham Rapiers batting - Pitching for Ithaca Fighting Imps : LHP Randy Nixon
Batting: RHB Kevin Bates 0-0: Called Strike
0-1: Ball
1-1: Ball
2-1: Foul Ball, location: 2F
2-2: Strikes out swinging
Batting: RHB Bearooz Yacoobi 0-0: Ball
1-0: Ball
2-0: Ball
3-0: Base on Balls
Batting: SHB Takechi Yamashita 0-0: Grounds into double play, 5-4-3 (Groundball, 5, EV 83.8 MPH)
Bottom of the 6th over - 0 runs, 0 hits, 0 errors, 0 left on base; Ithaca 0 - Durham 9
TOP OF THE 7TH
Ithaca Fighting Imps batting - Pitching for Durham Rapiers : RHP César Morales
Batting: RHB Graeme Dormer 0-0: Called Strike
0-1: Ground out 6-3 (Groundball, 6, EV 100.6 MPH)
Batting: LHB Donald McJannett 0-0: Swinging Strike
0-1: Swinging Strike
0-2: Ball
1-2: Ball
2-2: Strikes out swinging
Pinch Hitting: RHB J.J. Holmes 0-0: Ball
1-0: Foul Ball, location: 2F
1-1: Ball
2-1: Ball
3-1: Called Strike
3-2: SINGLE (Groundball, 56D, EV 103.1 MPH)
Pitching: RHP Héctor Marroquín
Batting: SHB Alaska Abney 0-0: Ground out U3 (Groundball, 3L, EV 102.5 MPH)
Top of the 7th over - 0 runs, 1 hit, 0 errors, 1 left on base; Ithaca 0 - Durham 9
BOTTOM OF THE 7TH
Durham Rapiers batting - Pitching for Ithaca Fighting Imps : LHP Randy Nixon
Now at 1B: J.J. Holmes
Batting: RHB Marvin Strickland 0-0: Foul Ball, location: 2F
0-1: Fly out, F6 (Popup, 6M, EV 71.2 MPH)
Batting: RHB Brandon Palmer 0-0: Fly out, F9 (Flyball, 89M, EV 90.6 MPH)
Batting: LHB Blake Browning 0-0: SINGLE (Groundball, 34D, EV 93.8 MPH)
Batting: RHB Jaxton Goleta 0-0: Ball
1-0: Ball
2-0: Called Strike
2-1: Ball
Pickoff Throw by Catcher to First - Out!
Bottom of the 7th over - 0 runs, 1 hit, 0 errors, 0 left on base; Ithaca 0 - Durham 9
TOP OF THE 8TH
Ithaca Fighting Imps batting - Pitching for Durham Rapiers : RHP Héctor Marroquín
Pinch Hitting: LHB Bill Gracián 0-0: Ball
1-0: Called Strike
1-1: Ball
2-1: Ball
3-1: Swinging Strike
3-2: SINGLE (Flyball, 89M, EV 88.8 MPH)
Batting: RHB Atanza Vongor 0-0: Swinging Strike
0-1: SINGLE (Line Drive, 8RS, EV 93.8 MPH)
Bill Gracián to second
Batting: RHB Nelson Rivera 0-0: Ball
1-0: Called Strike
1-1: Swinging Strike
1-2: Fly out, F8 (Flyball, 89D, EV 99.4 MPH)
Runner from 2nd tags up, SAFE at 3rd, no throw by CF
Batting: RHB Jimmy Robinson 0-0: DOUBLE (Line Drive, 78D, EV 99.4 MPH)
Bill Gracián scores
Atanza Vongor to third
Batting: LHB Pedro Reyes 0-0: Swinging Strike
0-1: Ball
1-1: Called Strike
1-2: Foul Ball, location: 2F
1-2: Ball
2-2: Foul Ball, location: 2F
2-2: Ball
3-2: Foul Ball, location: 2F
3-2: Fly out, F8 (Flyball, 78D, EV 106.9 MPH)
Runner from 3rd tags up, SCORES, no throw by CF
Batting: RHB Graeme Dormer 0-0: Ball
1-0: SINGLE (Groundball, 4MD, EV 95.0 MPH)
Jimmy Robinson to third
Runner from 3rd tries for Home, SAFE, no throw by CF
Batting: LHB Donald McJannett 0-0: Fielders Choice at 2nd, 6-4 (Groundball, 56, EV 85.6 MPH)
Top of the 8th over - 3 runs, 4 hits, 0 errors, 1 left on base; Ithaca 3 - Durham 9
BOTTOM OF THE 8TH
Durham Rapiers batting - Pitching for Ithaca Fighting Imps : LHP Randy Nixon
Now at 2B: Bill Gracián
Batting: RHB Jaxton Goleta 0-0: Called Strike
0-1: Fly out, F7 (Line Drive, 7, EV 94.4 MPH)
Batting: RHB Tsuneari Hirano 0-0: Ball
1-0: Ball
2-0: Ball
3-0: Base on Balls
Pitching: RHP Doug Schmidt
Batting: SHB Kolby Hay 0-0: Ground out 4-3 (Groundball, 4, EV 102.5 MPH)
Tsuneari Hirano to second
Batting: RHB Kevin Bates 0-0: Foul Ball, location: 2F
0-1: Ball
1-1: Ball
2-1: Foul Ball, location: 2F
2-2: Strikes out swinging
Bottom of the 8th over - 0 runs, 0 hits, 0 errors, 1 left on base; Ithaca 3 - Durham 9
TOP OF THE 9TH
Ithaca Fighting Imps batting - Pitching for Durham Rapiers : RHP Héctor Marroquín
Batting: RHB J.J. Holmes 0-0: Called Strike
0-1: Foul Ball, location: 2F
0-2: Fly out, F8 (Line Drive, 8LD, EV 93.1 MPH)
Batting: SHB Alaska Abney 0-0: Called Strike
0-1: Ball
1-1: Ball
2-1: Fly out, F8 (Flyball, 8RM, EV 88.8 MPH)
Batting: LHB Bill Gracián 0-0: Ball
1-0: Called Strike
1-1: Called Strike
1-2: Ball
2-2: SINGLE (Flyball, 4D, EV 88.1 MPH)
Batting: RHB Atanza Vongor 0-0: Foul Ball, location: 2F
0-1: Swinging Strike
0-2: TRIPLE (Flyball, 89XD, EV 101.2 MPH)
Bill Gracián scores
Pitching: RHP Finley Berose
Batting: RHB Nelson Rivera 0-0: Called Strike
0-1: Foul Ball, location: 2F
0-2: Strikes out swinging
Top of the 9th over - 1 run, 2 hits, 0 errors, 1 left on base; Ithaca 4 - Durham 9
Thursday, January 23rd, 2020 - OOTP Baseball 20.8 Build 74